 Dungeon Crawl Stone Soup version 0.28-a0-1624-g820543e53a (webtiles) character file.

Game seed: 14948185593720862414

5868 HallandMoats the Slinger (level 10, 0/86 HPs)
             Began as a Ghoul Hunter on Jan 24, 2022.
             Was a High Priest of Trog.
             Slain by a killer bee (3 damage)
             ... on level 8 of the Dungeon.
             The game lasted 00:16:39 (10888 turns).

HallandMoats the Slinger (Ghoul Hunter)            Turns: 10888, Time: 00:16:40

Health: 0/86       AC: 12    Str: 19    XL:     10   Next: 81%
Magic:  0/13       EV: 12    Int:  6    God:    Trog [*****.]
Gold:   264        SH:  0    Dex: 14    Spells: 9/9 levels left

rFire   + + .      SeeInvis .   b - +6 quarterstaff "Cepritue" {spect, Dex+3}
rCold   + + .      Faith    .   (shield currently unavailable)
rNeg    + + +      Spirit   +   I - +1 scale mail {rF+}
rPois   ∞          Reflect  .   y - +0 helmet
rElec   +          Harm     .   G - +0 cloak
rCorr   +          Rampage  .   D - +0 pair of gloves
Will    .....                   (no boots)
Stlth   ..........              H - amulet of guardian spirit
HPRegen 0.00/turn               (no ring)
MPRegen 0.13/turn               (no ring)

@: mighty, resistant, inhibited regen
A: claws 1, cold resistance 1, negative energy resistance 3, inhibited
regeneration, torment resistance 2
a: Renounce Religion, Trog's Hand, Brothers in Arms


You were on level 8 of the Dungeon.
You worshipped Trog.
Trog was extremely pleased with you.
You visited 1 branch of the dungeon, and saw 9 of its levels.
You also visited: Sewer.

You collected 306 gold pieces.
You spent 42 gold pieces at shops.

Inventory:

Hand Weapons
 a - a +1 hunting sling
 b - the +6 quarterstaff "Cepritue" (weapon) {spect, Dex+3}
   (You found it on level 6 of the Dungeon)

   When its wielder attacks, the weapon's spirit leaps out and strikes again.
   The spirit shares a part of any damage it takes with its wielder.
   Dex:       It affects your dexterity (+3).
 J - a +2 whip of venom
 K - the +6 flail of Grand Valour {vorpal, Int-5 SInv Stlth+}
   (You found it on level 5 of the Dungeon)

   It inflicts extra damage upon your enemies.
   Int:       It affects your intelligence (-5).
   SInv:      It lets you see invisible.
   Stlth:     It makes you more stealthy.
 L - a +1 vampiric hand axe
Missiles
 k - 118 stones (quivered)
 C - 59 sling bullets
Armour
 y - a +0 helmet (worn)
 D - a +0 pair of gloves (worn)
 G - a +0 cloak (worn)
 I - a +1 scale mail of fire resistance (worn)
Jewellery
 H - an amulet of guardian spirit (around neck)
 M - a ring of magical power
Wands
 d - a wand of iceblast (17)
 j - a wand of polymorph (7)
 t - a wand of digging (6)
 B - a wand of flame (32)
Scrolls
 e - 3 scrolls of blinking
 f - a scroll of summoning {unknown}
 g - a scroll of fear {unknown}
 h - 2 scrolls of holy word {unknown}
 i - 3 scrolls of vulnerability {unknown}
 l - 4 scrolls of teleportation {unknown}
 o - 2 scrolls of enchant weapon
 q - 3 scrolls of fog {unknown}
 s - a scroll of amnesia {unknown}
 v - a scroll of brand weapon {unknown}
 x - 5 scrolls of magic mapping
 z - a scroll of enchant armour {unknown}
 A - 3 scrolls of identify
Potions
 c - 2 potions of might
 m - a potion of cancellation {unknown}
 n - 4 potions of heal wounds {unknown}
 p - a potion of haste
 r - 2 potions of curing {unknown}
 u - a potion of mutation {unknown}
 w - a potion of resistance
 E - a potion of lignification {unknown}
 F - a potion of degeneration {unknown}


   Skills:
 + Level 7.6 Fighting
 * Level 9.5 Slings
 + Level 6.0 Armour
 + Level 6.3 Dodging
 - Level 1.1 Stealth
 + Level 5.5 Invocations


You had 9 spell levels left.
You didn't know any spells.
Your spell library contained the following spells:

 Spells                   Type           Power      Damage    Failure   Level
 Irradiate                Conj/Tmut      0%         3d13      100%        5
 Blade Hands              Tmut           Unusable   N/A       N/A         5
 Dragon Form              Tmut           Unusable   N/A       N/A         7

Dungeon Overview and Level Annotations

Branches:
Dungeon (9/15)             Temple (0/1) D:5           Sewer (visited)
   Lair: D:8-11         Orc: D:9-12

Altars:
Ashenzari
Cheibriados
Dithmenos
Elyvilon
Fedhas
Kikubaaqudgha
Makhleb
Qazlal
Ru
Trog
Uskayaw
Vehumet
Wu Jian
Xom
Yredelemnul
Zin
The Shining One

Shops:
D:3 *   D:4 =?=

Annotations:
D:7 3 runed translucent doors, Pin's ghost, novice HOMo


Innate Abilities, Weirdness & Mutations

You thrive by killing the living.
You are immune to poison.
You have sharp fingernails.
Your flesh is cold resistant. (rC+)
You are immune to negative energy. (rN+++)
You do not regenerate when monsters are visible.
You are immune to unholy pain and torment.


Message History

The killer bee is severely wounded.
The killer bee stings you but does no damage. x2
The killer bee stings you.
* * * LOW HITPOINT WARNING * * *
The killer bee stings you.
* * * LOW HITPOINT WARNING * * *
The killer bee stings you but does no damage.
You hit the killer bee but do no damage.
The killer bee is severely wounded.
The killer bee barely misses you. The killer bee stings you.
* * * LOW HITPOINT WARNING * * *
The killer bee completely misses you.
The killer bee stings you but does no damage.
The killer bee misses you. The killer bee stings you.
* * * LOW HITPOINT WARNING * * *
You barely miss the killer bee.
The killer bee is severely wounded.
The killer bee stings you but does no damage.
The killer bee misses you. The killer bee closely misses you.
The killer bee stings you but does no damage.
Unknown command.
You closely miss the killer bee.
The killer bee is severely wounded.
The killer bee stings you but does no damage.
The killer bee barely misses you. The killer bee stings you. x2
* * * LOW HITPOINT WARNING * * *
The killer bee stings you but does no damage. x2
It was a potion of might.
You feel very mighty all of a sudden. The killer bee stings you.
* * * LOW HITPOINT WARNING * * *
The killer bee barely misses you.
The killer bee stings you but does no damage.
The killer bee stings you.
* * * LOW HITPOINT WARNING * * *
Unknown command.
It was a potion of resistance.
You feel protected. The killer bee stings you.
You die...

.......## #.......# #..# .#####.#
######..# #..# .# #.# #..# ##..#
.# #.# ##### #..# #..##### .#
#.####_#_## #..# #.###...
.#####.##_...._# #..# #.##....
........###..### #.)# #.##...#
........#_...._######..# #.....##
#####...###..###@y....)###.#..##.
#...#⌠...._#y####...##.##.###
#...###..###........<[.##.###
#####_...._######...#####.#⌠.
###..#########.## #.#..
#_...._#.....#.######.#⌠.
##8..8##.###.#..)...).#..
##......# #.########)'## ########
#.### #......


You could see 2 killer bees.

Vanquished Creatures
  A boulder beetle (D:8)
  An orange crystal statue (D:8)
  Prince Ribbit (D:7)
  Sigmund (D:4)
  Menkaure (D:7)
  A water moccasin (D:7)
  An ice beast (D:8)
  2 orc warriors
  A sky beast (D:3)
  A black bear (D:5)
  A necrophage (D:8)
  A hornet zombie (D:6)
  2 ogres
  3 centaurs
  3 phantoms
  Blork the orc (D:5)
  4 bullfrogs
  A wyvern zombie (D:7)
  A gnoll sergeant (D:5)
  A water moccasin zombie (D:6)
  2 scorpions
  A water moccasin skeleton (D:6)
  11 killer bees (D:8)
  A howler monkey (D:4)
  2 bullfrog zombies (D:6)
  5 centaur zombies
  4 orc priests
  A gnoll shaman (D:6)
  2 hounds
  5 jellies
  Crazy Yiuf (D:4)
  Ijyb (D:4)
  8 orc wizards
  2 howler monkey zombies
  10 gnolls
  2 river rats
  5 adders
  3 white imps (D:6)
  2 ufetubi
  An adder skeleton (D:4)
  5 worms
  4 dart slugs
  43 orcs
  10 endoplasms
  10 giant cockroaches
  4 goblins
  7 hobgoblins
  6 jackals
  10 kobolds
  3 quokkas
  8 ball pythons
  9 bats
  7 frilled lizards
  10 rats
234 creatures vanquished.

Vanquished Creatures (others)
  2 withered plants (D:6)
2 creatures vanquished.

Grand Total: 236 creatures vanquished

Notes
Turn   | Place    | Note
-------+----------+-------------------------------------------
     0 | D:1      | HallandMoats the Ghoul Hunter began the quest for the Orb.
     0 | D:1      | Reached XP level 1. HP: 17/17 MP: 0/0
    54 | D:1      | Reached XP level 2. HP: 25/25 MP: 1/1
   363 | D:1      | Found a faded altar of an unknown god.
   536 | D:1      | Prayed at the altar of an unknown god.
   536 | D:1      | Became a worshipper of Trog the Wrathful
   536 | D:1      | Reached * piety under Trog
   587 | D:1      | Reached XP level 3. HP: 30/30 MP: 2/2
   711 | D:2      | Reached skill level 4 in Slings
   785 | D:2      | Reached skill level 1 in Armour
   924 | D:2      | Reached ** piety under Trog
   939 | D:2      | Reached XP level 4. HP: 37/37 MP: 3/3
  1249 | D:3      | Noticed a sky beast
  1266 | D:3      | Killed a sky beast
  1267 | D:3      | Reached XP level 5. HP: 24/45 MP: 4/4
  1655 | D:3      | Found Tawede's General Store.
  1689 | D:3      | Found a glowing drain.
  1787 | Sewer    | Entered a sewer
  1902 | Sewer    | Reached XP level 6. HP: 38/51 MP: 5/5
  1958 | Sewer    | Reached skill level 5 in Slings
  1977 | Sewer    | Found a viscous altar of Jiyva.
  2208 | D:3      | Bought a scroll of magic mapping for 42 gold pieces
  2707 | D:3      | Reached *** piety under Trog
  3044 | D:4      | Found Ephekhim's Jewellery Emporium.
  3094 | D:4      | Found Ylite's Jewellery Boutique.
  3095 | D:4      | Found Femay's Magic Scroll Boutique.
  3111 | D:4      | Noticed Sigmund
  3126 | D:4      | Killed Sigmund
  3127 | D:4      | Reached XP level 7. HP: 32/59 MP: 6/6
  3396 | D:4      | Noticed Ijyb
  3412 | D:4      | Killed Ijyb
  3668 | D:4      | Reached skill level 6 in Slings
  4316 | D:4      | Found a runed translucent door.
  4317 | D:4      | Noticed Crazy Yiuf
  4327 | D:4      | Killed Crazy Yiuf
  4328 | D:4      | Reached XP level 8. HP: 54/67 MP: 7/7
  4815 | D:4      | Found a blossoming altar of Fedhas.
  4827 | D:4      | Found a radiant altar of Vehumet.
  4899 | D:5      | Entered Level 5 of the Dungeon
  4904 | D:5      | Found a staircase to the Ecumenical Temple.
  5410 | D:5      | Reached skill level 5 in Fighting
  5410 | D:5      | Reached skill level 1 in Invocations
  5790 | D:5      | Identified the +6 flail of Grand Valour {vorpal, Int-5 SInv
                  | Stlth+}
  5924 | D:6      | Noticed Blork the orc
  5955 | D:5      | Killed Blork the orc
  6607 | D:6      | Reached skill level 7 in Slings
  6650 | D:6      | HP: 2/69 [hornet zombie (8)]
  6651 | D:6      | Reached **** piety under Trog
  6652 | D:6      | Reached XP level 9. HP: 3/75 MP: 1/9
  7242 | D:6      | Reached skill level 5 in Dodging
  7513 | D:6      | Identified the +6 quarterstaff "Cepritue" {spect, Dex+3}
  7560 | D:6      | Found an ornate altar of the Wu Jian Council.
  7623 | D:6      | Reached skill level 8 in Slings
  7939 | D:6      | Found a shimmering altar of Xom.
  7939 | D:6      | Found a burning altar of Makhleb.
  7941 | D:6      | Found a burning altar of Makhleb.
  7941 | D:6      | Found a shimmering altar of Xom.
  7992 | D:7      | Reached ***** piety under Trog
  8297 | D:7      | Reached skill level 5 in Armour
  8410 | D:7      | Noticed Menkaure
  8418 | D:7      | Killed Menkaure
  8478 | D:7      | Reached XP level 10. HP: 82/84 MP: 12/12
  8663 | D:7      | Found a runed translucent gate.
  8663 | D:7      | Found a runed translucent gate.
  8664 | D:7      | Found a runed translucent gate.
  8668 | D:7      | Noticed Pin's ghost (novice HOMo)
  8698 | D:7      | Noticed Prince Ribbit
  8711 | D:7      | Killed Prince Ribbit
  9167 | D:8      | Noticed an orange crystal statue
  9239 | D:8      | Found a hide-covered altar of Uskayaw.
  9242 | D:8      | Found a snail-covered altar of Cheibriados.
  9373 | D:8      | Reached skill level 9 in Slings
  9604 | D:8      | Found an ancient bone altar of Kikubaaqudgha.
  9605 | D:8      | Found a stormy altar of Qazlal.
  9608 | D:8      | Found a shadowy altar of Dithmenos.
  9612 | D:8      | Found a sacrificial altar of Ru.
  9613 | D:8      | Found a burning altar of Makhleb.
  9614 | D:8      | Found a broken altar of Ashenzari.
  9616 | D:8      | Found an ornate altar of the Wu Jian Council.
  9617 | D:8      | Found a basalt altar of Yredelemnul.
  9818 | D:8      | Reached skill level 5 in Invocations
  9835 | D:8      | Received a gift from Trog
 10484 | D:8      | Killed an orange crystal statue
 10601 | D:9      | Noticed a boulder beetle
 10625 | D:8      | Killed a boulder beetle
 10887 | D:8      | HP: 3/86 [killer bee (6)]
 10888 | D:8      | Slain by a killer bee

Illustrated notes

Levels and vault maps discovered:
D:1:      minmay_arrival_stone_box, layout_rooms,
          shapermc_ecumenical_altar_ellora, minmay_misc_feat_four_crosses
D:2:      layout_rooms
D:3:      layout_loops_cross, serial_shops, nicolae_shop_hallway_stairs,
          portal_sewer_entry_b
D:4:      layout_basic, amethyst_overflow_temple_binary, serial_shops, shop,
          nicolae_take_the_stairs, shop, uniq_sigmund, uniq_crazy_yiuf_cottage,
          uniq_ijyb
D:5:      layout_basic, minmay_temple_entry_hall
D:6:      layout_cave_pools, doesnt_xom_only_xom, serial_undead,
          serial_undead_a, serial_undead_b, serial_undead_d, serial_undead_a,
          uniq_blork_the_orc
D:7:      layout_cave_pods, gammafunk_ghost_necromancy, uniq_prince_ribbit1,
          uniq_menkaure
D:8:      minmay_statue_hallways, layout_loops_ring, jmf_multi_god_temple,
          minitemple
D:9:      layout_rooms, kennysheep_potato

Skill      XL: |  1  2  3  4  5  6  7  8  9 10 |
---------------+-------------------------------+-----
Dodging        | 2 3 4 5 6 |  6.3
Slings         | 4 5 6 7 8 9 |  9.5
Armour         | 1 2 3 4 5 6 |  6.0
Fighting       | 3 4 5 6 7 |  7.6
Invocations    | 2 4 5 |  5.5
Stealth        | |  1.1

Action                   |  1- 3 |  4- 6 |  7- 9 | 10-12 || total
-------------------------+-------+-------+-------+-------++-------
Melee: Whip              |       |   149 |    61 |       ||   210
       Short sword       |       |    25 |       |       ||    25
       Punch             |       |     2 |     1 |       ||     3
       Hunting sling     |       |     1 |       |       ||     1
       Flail             |       |       |    48 |       ||    48
       Quarterstaff      |       |       |    32 |   145 ||   177
 Fire: Hunting sling     |   122 |    76 |   359 |    11 ||   568
Invok: Trog's Hand       |       |     1 |     3 |       ||     4
Evoke: Wand              |       |       |       |     1 ||     1
  Use: Scroll            |       |     2 |       |       ||     2
       Potion            |       |       |     2 |     2 ||     4
 Stab: Distracted        |       |       |       |     2 ||     2
Armor: Leather armour    |    21 |    82 |    27 |       ||   130
       Scale mail        |       |       |   161 |   123 ||   284
Dodge: Dodged            |    27 |   117 |   187 |   173 ||   504

Table legend: (Time is in decaauts)
 A = Elapsed time spent in this place.
 B = Non-inter-level travel time spent in this place.
 C = Inter-level travel time spent in this place.
 D = Time resting spent in this place.
 E = Time spent auto-exploring this place.
 F = Levels seen in this place.
 G = Mean time per level.
                   A        B        C        D        E       F      G
               +--------+--------+--------+--------+--------+-----+--------+
         Total |  10910 |  10568 |    342 |   1089 |   7128 |  10 | 1091.0 |
       Dungeon |  10499 |  10157 |    342 |   1062 |   6940 |   9 | 1166.6 |
         Sewer |    410 |    410 |      0 |     27 |    188 |   1 |  410.0 |
               +--------+--------+--------+--------+--------+-----+--------+

Top non-repeatable levels by time:
     D:4: 2408 daAuts
     D:8: 1712 daAuts
     D:6: 1410 daAuts
     D:3: 1382 daAuts
     D:7: 1236 daAuts
     D:5: 1097 daAuts
     D:1: 671 daAuts
     D:2: 575 daAuts
   Sewer: 410 daAuts
     D:9: 4 daAuts
